 Dungeon Crawl Stone Soup version 0.30-b1-2-g02819fbbbe (webtiles) character file.

Game seed: 14219620771921006229

1828246 groll the Axe Maniac (level 25, 257/257 HPs)
             Began as a Minotaur Berserker on June 17, 2023.
             Was a High Priest of Trog.
             Escaped with the Orb
             ... and 3 runes on June 19, 2023!
             The game lasted 06:41:05 (56510 turns).

groll the Axe Maniac (Minotaur Berserker)          Turns: 56510, Time: 06:41:06

Health: 257/257    AC: 37    Str: 31    XL:     25   Next: 69%
Magic:  13/13      EV: 24    Int:  4    God:    Trog [*****.]
Gold:   3687       SH:  5    Dex: 18    Spells: 24/24 levels left

rFire   + + .        L - +9 executioner's axe (flame)
rCold   . . .        (shield currently unavailable)
rNeg    + + +        K - +9 plate armour {rF+}
rPois   +            U - +2 hat "Zucimes" {rN+ rCorr}
rElec   +            S - +4 dragonskin cloak
rCorr   +            X - +1 pair of gloves "Gaettaru" {Will+ Str+2}
SInv    +            V - -2 pair of boots of Eternal Vigilance {rPois rC+ Will+}
Will    +++..        u - amulet of reflection Stlth
                     y - ring "Fuwuf" {Fire *Corrode rN+++ MP-9 Dex+2}
HPRegen 0.62/turn    F - ring "Izyaq" {rElec Dex+3 SInv Stlth+}
MPRegen 0.13/turn

%: corrode self (3%), reflection
@: studying 2 skills
A: horns 2, retaliatory headbutt, deformed body, dopey 1, inhibited
regeneration, inability to read after injury 1
0: Orb of Zot
}: 3/15 runes: decaying, silver, gossamer
a: Renounce Religion, Berserk, Trog's Hand, Brothers in Arms


You escaped.
You worshipped Trog.
Trog was extremely pleased with you.
You visited 8 branches of the dungeon, and saw 44 of its levels.
You visited the Abyss 1 time.
You visited 1 bazaar.
You visited 1 ziggurat, and saw 7 of its levels.
You also visited: Trove, Sewer, Bailey, Ice Cave, Volcano and Wizlab.

You collected 5521 gold pieces.
You spent 1834 gold pieces at shops.

Inventory:

Hand Weapons
 a - a +9 antimagic battleaxe
 L - a +9 executioner's axe of flaming (weapon)
Missiles
 d - 7 boomerangs of dispersal
 i - 13 javelins (quivered)
Armour
 b - a +1 crystal plate armour of cold resistance
 e - the +1 pair of boots "Xaekhlee" {Str+4}
   (You acquired it on level 2 of the Orcish Mines)

   Str:       It affects your strength (+4).
 n - the +2 cloak "Peugay" {Fly Regen+ Str-2 SInv}
   (You bought it in a shop on level 1 of the Vaults)

   Str:       It affects your strength (-2).
   SInv:      It lets you see invisible.
   Fly:       It grants you flight.
   Regen:     It increases your rate of health regeneration.
 C - the +0 hat of Theory {rC+ SInv}
   (You acquired it on level 4 of the Spider Nest)

   rC:        It protects you from cold.
   SInv:      It lets you see invisible.
 K - a +9 plate armour of fire resistance (worn)
 S - the +4 dragonskin cloak (worn)
   (You took it off Tiamat on level 1 of the Realm of Zot)

   Avatar's Aegis: It grants the wearer a chance to resist fire, cold, poison,
   electricity, acid, and negative energy.
 U - the +2 hat "Zucimes" (worn) {rN+ rCorr}
   (You found it in a treasure trove)

   rN:        It protects you from negative energy.
   rCorr:     It protects you from acid and corrosion.
 V - the -2 pair of boots of Eternal Vigilance (worn) {rPois rC+ Will+}
   (You found it in a treasure trove)

   rC:        It protects you from cold.
   rPois:     It protects you from poison.
   Will:      It increases your willpower.
 X - the +1 pair of gloves "Gaettaru" (worn) {Will+ Str+2}
   (You found it in a treasure trove)

   Str:       It affects your strength (+2).
   Will:      It increases your willpower.
 Y - a +2 cloak of poison resistance
Jewellery
 l - a +6 ring of strength
 u - an amulet of reflection (around neck)
 x - the ring "Firud" {rElec rCorr MP+9 Stlth+}
   (You found it in a treasure trove)

   [ring of magical power]

   rElec:     It insulates you from electricity.
   MP:        It affects your magic capacity (+9).
   rCorr:     It protects you from acid and corrosion.
   Stlth:     It makes you more stealthy.
 y - the ring "Fuwuf" (left hand) {Fire *Corrode rN+++ MP-9 Dex+2}
   (You bought it in a shop on level 2 of the Orcish Mines)

   [ring of fire]

   It enhances your fire magic.
   Dex:       It affects your dexterity (+2).
   rF:        It protects you from fire.
   rC:        It makes you vulnerable to cold.
   rN:        It renders you almost immune to negative energy.
   MP:        It affects your magic capacity (-9).
   *Corrode:  It may corrode you when you take damage.
 E - a +4 ring of protection
 F - the ring "Izyaq" (right hand) {rElec Dex+3 SInv Stlth+}
   (You found it on level 5 of the Dungeon)

   [ring of see invisible]

   Dex:       It affects your dexterity (+3).
   rElec:     It insulates you from electricity.
   SInv:      It lets you see invisible.
   Stlth:     It makes you more stealthy.
 J - the amulet "Ciarrady" {Faith rCorr Str+2}
   (You found it in a treasure trove)

   [amulet of faith]

   It allows you to gain divine favour quickly.
   Str:       It affects your strength (+2).
   rCorr:     It protects you from acid and corrosion.
 M - the ring of Vaixu {rF+ Slay+5}
   (You took it off a hell knight on level 5 of the Vaults)

   [ring of protection from fire]

   Slay:      It affects your accuracy & damage with ranged weapons and melee
   (+5).
   rF:        It protects you from fire.
 N - the ring of Gona {rPois rCorr Str+6 Int+4}
   (You found it on level 3 of a ziggurat)

   [ring of strength]

   Str:       It affects your strength (+6).
   Int:       It affects your intelligence (+4).
   rPois:     It protects you from poison.
   rCorr:     It protects you from acid and corrosion.
Wands
 r - a wand of mindburst (10)
 v - a wand of flame (109)
 z - a wand of paralysis (41)
 A - a wand of polymorph (24)
 D - a wand of digging (23)
 Q - a wand of iceblast (33)
 W - a wand of acid (41)
Scrolls
 f - 7 scrolls of silence
 m - 10 scrolls of immolation
 o - 4 scrolls of enchant weapon
 p - 3 scrolls of magic mapping
 q - 28 scrolls of teleportation
 t - 9 scrolls of blinking
 w - 5 scrolls of fog
 I - a scroll of summoning
 O - 9 scrolls of fear
 P - 2 scrolls of poison
Potions
 c - a potion of berserk rage
 g - 15 potions of lignification
 h - 2 potions of heal wounds
 j - 8 potions of attraction
 k - 9 potions of cancellation
 s - 29 potions of curing
 B - 3 potions of haste
 G - 3 potions of invisibility
 H - 8 potions of resistance
 R - 10 potions of flight
 Z - 5 potions of might


   Skills:
 O Level 27 Fighting
 O Level 27 Axes
 + Level 9.9 Throwing
 O Level 27 Armour
 + Level 26.6 Dodging


You had 24 spell levels left.
You didn't know any spells.
Your spell library was empty.

Dungeon Overview and Level Annotations

Branches:
Dungeon (15/15)            Temple (0/1) D:5            Lair (5/5) D:10
  Swamp (4/4) Lair:3       Spider (4/4) Lair:2        Slime (0/5) Lair:5
    Orc (2/2) D:10            Elf (0/3) Orc:2        Vaults (5/5) D:14
  Crypt (0/3) Vaults:3     Depths (4/4) D:15            Zot (5/5) Depths:4
  Sewer (visited)          Bailey (visited)           IceCv (visited)
Volcano (visited)          WizLab (visited)

Altars:
Nemelex Xobeh
Okawaru
Qazlal
Ru
Sif Muna
Trog
Uskayaw
Vehumet
Wu Jian
Xom
Jiyva

Shops:
D:1 :   Orc:2 *[*=   Vaults:1 [!   Vaults:3 *   Depths:2 =

Portals:
Hell: Depths:1 Depths:2 Depths:3 Depths:4
Abyss: Depths:3
Pandemonium: Orc:2 Depths:2 Depths:4

Annotations:
D:15 2 transporters
Zot:1 runemage's ghost, legendary GnFi


Innate Abilities, Weirdness & Mutations

You have a pair of horns on your head.
You reflexively headbutt those who attack you in melee.
Armour fits poorly on your strangely shaped body.
You are dopey. (Int -2)
You do not regenerate when monsters are visible.
You occasionally lose the ability to read scrolls when taking damage.


Message History

You slash the Executioner! You burn the Executioner.
The Executioner is heavily wounded.
The Executioner barely misses you. The Executioner completely misses you.
The Executioner closely misses you.
The Executioner hits you but does no damage.
You block the Executioner's attack. The Executioner completely misses you.
You closely miss the Executioner.
The Executioner is heavily wounded.
The Executioner hits you! The Executioner closely misses you.
You block the Executioner's attack.
The Executioner hits you but does no damage. x3
You barely miss the Executioner. Your headbutt misses the Executioner.
The Executioner is heavily wounded.
The Executioner completely misses you.
The Executioner hits you but does no damage.
The Executioner completely misses you. The Executioner barely misses you.
The Executioner hits you but does no damage.
The Executioner closely misses you.
You slice the Executioner!! You burn the Executioner.
You headbutt the Executioner.
The Executioner is almost dead.
The Executioner hits you but does no damage.
The Executioner misses you. The Executioner closely misses you.
A sun demon comes into view.
The Executioner barely misses you. You furiously retaliate!
You headbutt the Executioner. You block the Executioner's attack.
The Executioner closely misses you.
The Executioner hits you but does no damage. x2
The Executioner completely misses you. x2; You furiously retaliate!
You headbutt the Executioner!
You kill the Executioner!
Trog accepts your kill.
You climb upwards.
There is a stone staircase leading down here.
There is a stone staircase leading up here.
You climb upwards.
There is a stone staircase leading down here.
You see here 7 stones.
There is a staircase leading out of the dungeon here.
You have escaped!

#.....########......#
#..............#'####
#.....#...####.#.#
#.....+...#..#.#.#
#.....#...#..#.#.#
#.....+.#.#.##.#.#
#.....###.#....#.# ###
#.........######.#####8#####
##......###@..........(.....
##.####..#######.#####8#####
#..# ##.....>.#.# ### # #.##
######..#.###########
#..##########..#.#..........
##.............#.#.#########
###...∩.......#.#.# #
#...........#.#.# #####
#...............#####...'


There were no monsters in sight!

Vanquished Creatures
  3 dread liches
  Tiamat (Zot:1)
  3 orbs of fire
  2 ancient liches
  3 juggernauts
  The ghost of darkwiz the Spellbinder, a veteran DsCK of Xom (Zot:4)
  Margery (Vaults:5)
  12 Killer Klowns
  A caustic shrike (Zig:2)
  6 curse toes
  5 golden dragons
  Jory (Vaults:5)
  4 electric golems
  17 tentacled monstrosities
  2 Ice Fiends
  Mlioglotl (Swamp:1)
  Jorgrun (Swamp:1)
  28 Orb Guardians
  A walking earthen tome (Depths:3)
  A pandemonium lord (Zig:5)
  3 titans (Vaults:5)
  3 liches
  Asterion (Depths:1)
  6 acid blobs (Zot:2)
  A quicksilver dragon (shapeshifter) (Zig:7)
  9 sphinxes
  7 quicksilver dragons
  Frances (Spider:1)
  2 Executioners
  11 death cobs
  A tentacled starspawn (Abyss:3)
  7 tengu reavers
  5 draconian monks
  14 storm dragons
  12 shadow dragons
  An azure jelly (Swamp:4)
  12 draconian knights
  16 fire giants
  9 draconian scorchers
  Aizul (Swamp:1)
  An iron dragon (Vaults:5)
  A daeva (Depths:3)
  19 vault wardens
  3 frost giants
  6 emperor scorpions
  5 ghost moths
  A ghost moth (shapeshifter) (Vaults:5)
  A deep elf sorcerer (Vaults:5)
  11 draconian shifters
  An angel (Depths:3)
  A balrug (Zig:5)
  A spriggan defender (Depths:2)
  A reaper (IceCv)
  19 ironbound preservers
  3 draconian stormcallers
  9 stone giants
  8 draconian annihilators
  A caustic shrike skeleton (Abyss:3)
  4 broodmothers
  24 very ugly things
  7 war gargoyles
  3 vampire knights
  6 eleionomae
  15 black draconians
  14 green draconians
  3 ironbound thunderhulks
  23 yellow draconians
  11 spark wasps
  7 dire elephants
  20 white draconians
  2 bunyips (Swamp:2)
  A deep elf annihilator (Vaults:2)
  17 purple draconians
  13 red draconians
  15 ettins
  4 deep elf death magi (Vaults:5)
  A shambling mangrove (Swamp:2)
  11 fire dragons
  17 yaktaur captains
  2 deep elf high priests (Vaults:5)
  7 great orbs of eyes
  A jiangshi (Depths:2)
  3 entropy weavers
  4 rakshasas
  26 vault guards
  A caustic shrike simulacrum (Depths:2)
  5 spriggan air magi
  9 hydras
  A hydra (shapeshifter) (Vaults:5)
  A hell beast (Depths:2)
  9 ice dragons
  8 ironbound frosthearts
  2 peacekeepers (Vaults:4)
  3 ghost crabs
  2 demonspawn (Orc:2)
  9 centaur warriors
  14 two-headed ogres
  4 radroaches
  An anaconda (Zig:4)
  4 ogre magi
  5 deep troll shamans
  A hell hog (Depths:3)
  A naga warrior (Zig:4)
  3 death knights
  11 alligators
  17 death yaks
  5 deep troll earth magi
  6 boulder beetles
  4 tengu warriors
  4 orc high priests (Orc:2)
  11 hell knights
  2 vampire magi
  A thrashing horror (Abyss:3)
  5 spriggan berserkers
  10 sun demons
  A soul eater (D:13)
  2 skysharks (Lair:5)
  A titan zombie (Depths:2)
  A wretched star (Abyss:3)
  4 iron trolls
  2 sun moths
  A skyshark (shapeshifter) (Vaults:5)
  4 goliath frogs
  3 sixfirhies
  A spark wasp zombie (Depths:2)
  2 spriggan druids
  2 glowing orange brains
  14 pharaoh ants
  2 spatial maelstroms (Abyss:3)
  A tengu zombie (Depths:2)
  6 orb spiders
  3 bog bodies
  4 lindwurms
  A swamp dragon (Swamp:2)
  A golden dragon zombie (Depths:2)
  2 lindwurms (shapeshifter) (Vaults:1)
  2 spectral hydras (Lair:3)
  11 ironbound convokers
  8 wizards
  27 deep trolls
  An iron troll (shapeshifter) (Vaults:5)
  An orange crystal statue (D:13)
  A shadow demon (Zot:3)
  6 phantasmal warriors
  12 steelbarb worms
  Pikel (D:8)
  6 orc knights
  6 harpies
  7 necromancers
  A deep elf pyromancer (D:14)
  A flayed ghost (Depths:2)
  An oklob plant (Zot:2)
  An iron dragon zombie (Depths:2)
  4 human zombies
  50 ugly things
  17 wolf spiders
  10 orc sorcerers
  2 tengu skeletons
  6 will-o-the-wisps
  A worldbinder (Abyss:3)
  4 cyclopes
  4 elephants (Lair:4)
  A shining eye (Depths:3)
  A moth of wrath (shapeshifter) (Vaults:1)
  36 moths of wrath
  A manticore (shapeshifter) (Depths:2)
  A frost giant skeleton (Depths:2)
  An ice statue (IceCv)
  A naga mage (Zig:4)
  Maurice (D:12)
  Joseph (D:9)
  A torpor snail (shapeshifter) (Vaults:5)
  10 vault sentinels
  8 demonic crawlers
  3 eyes of devastation
  10 apocalypse crabs
  12 cane toads
  13 black mambas
  12 torpor snails
  An eye of devastation (shapeshifter) (Zig:7)
  3 gargoyles
  A molten gargoyle (Volcano)
  8 large abominations (Abyss:3)
  Psyche (D:8)
  2 smoke demons
  6 komodo dragons
  A hellion (Depths:3)
  35 yaktaurs
  4 rime drakes
  5 tengu conjurers
  An unseen horror (D:12)
  2 anaconda simulacra (IceCv)
  An efreet (D:15)
  A human skeleton (Vaults:3)
  A tormentor (Zig:5)
  11 freezing wraiths
  An ancient zyme (Abyss:3)
  3 red devils
  A queen bee (shapeshifter) (D:15)
  9 meliai
  4 hellwings
  11 hornets
  5 trolls
  3 tyrant leeches
  Grinder (D:3)
  18 tarantellas
  3 polar bears
  A tarantella (shapeshifter) (Vaults:1)
  4 raiju (Abyss:3)
  3 blink frogs (Lair:4)
  8 dream sheep
  A snapping turtle (shapeshifter) (Vaults:2)
  42 slime creatures
  Sigmund (D:6)
  14 jumping spiders
  69 yaks
  11 wyverns
  15 culicivoras
  3 dire elephant simulacra (IceCv)
  4 wraiths
  12 spriggans
  A water elemental (Depths:3)
  A shadow (D:10)
  A ynoxinul (Abyss:3)
  2 fire bats (Volcano)
  A yak (shapeshifter) (D:15)
  Grum (D:10)
  6 basilisks
  A basilisk (shapeshifter) (D:15)
  3 swamp worm simulacra (Swamp:4)
  23 vampire mosquitoes
  A steam dragon (Bailey)
  A redback (shapeshifter) (Vaults:1)
  40 redbacks
  4 chaos spawn
  A spatial vortex (Abyss:3)
  A death yak simulacrum (IceCv)
  A naga (Zig:4)
  3 acid dragons
  14 swamp worms
  A swamp worm (shapeshifter) (Vaults:5)
  18 hydra simulacra
  2 wargs
  3 hell hounds
  A floating eye (Depths:2)
  20 water moccasins
  2 small abominations (Abyss:3)
  27 orc warriors
  2 swamp drakes
  A floating eye (shapeshifter) (Vaults:2)
  An ogre skeleton (Vaults:3)
  2 ice beasts
  3 sky beasts
  9 centaurs
  13 ogres
  22 wolves
  3 boggarts (Vaults:2)
  4 phantoms
  A centaur (shapeshifter) (Vaults:5)
  An elf simulacrum (Vaults:3)
  A kobold brigand (D:10)
  7 bullfrogs
  2 gnoll sergeants
  2 cane toad simulacra (IceCv)
  5 two-headed ogre simulacra (IceCv)
  2 necrophages (Lair:4)
  5 scorpions
  A human simulacrum (Vaults:1)
  3 wights (D:8)
  5 killer bees (D:9)
  3 elephant simulacra (IceCv)
  6 electric eels (D:8)
  5 lava snakes (Volcano)
  25 jellies
  A quasit (D:13)
  4 hounds
  26 orc priests
  9 starcursed masses (Abyss:3)
  A sleepcap (D:6)
  Ijyb (D:3)
  15 orc wizards
  3 iguanas
  5 polar bear simulacra (IceCv)
  3 troll simulacra (IceCv)
  A wolf simulacrum (IceCv)
  6 spriggan simulacra (IceCv)
  8 gnolls
  13 adders
  7 naga simulacra (IceCv)
  4 river rats (D:10)
  9 white imps
  5 swamp drake simulacra (Swamp:4)
  5 ufetubi
  7 worms
  97 orcs
  16 endoplasms
  10 giant cockroaches
  13 goblins
  8 hobgoblins
  6 kobolds
  8 quokkas
  8 ball pythons
  6 bats
  3 frilled lizards
  15 rats
  2 spectral weapons (Depths:1)
2060 creatures vanquished.

Vanquished Creatures (collateral kills)
  A tentacled monstrosity (Zot:4)
  A quicksilver dragon (Zot:4)
  Agnes (Spider:2)
  A draconian stormcaller (Zot:4)
  A very ugly thing (Depths:1)
  A demonspawn blood saint (D:12)
  A black draconian (Zot:1)
  A purple draconian (Zot:4)
  A yellow draconian (Zot:4)
  A jiangshi (Depths:2)
  A yaktaur captain (Vaults:5)
  An ironbound frostheart (Vaults:2)
  6 hell knights
  2 necromancers (Vaults:4)
  An orc sorcerer (Volcano)
  An ugly thing (D:15)
  5 oklob plants (Lair:5)
  A guardian serpent (Lair:5)
  3 wolf spiders (Spider:2)
  A vault sentinel (Vaults:4)
  A black mamba (Lair:5)
  2 yaktaurs (Vaults:4)
  A tyrant leech (Swamp:1)
  A jumping spider (Spider:2)
  3 culicivoras (Spider:2)
  3 slime creatures
  A neqoxec (Depths:1)
  A redback (Spider:2)
  2 orc priests (Orc:2)
47 creatures vanquished.

Vanquished Creatures (others)
  A fenstrider witch (Swamp:4)
  A wolf spider (Spider:1)
  4 bloated husks
  A hornet (Swamp:4)
  A culicivora (Spider:1)
  14 foxfires
  131 fungi
  236 plants
  2 starspawn tentacles (Abyss:3)
391 creatures vanquished.

Grand Total: 2498 creatures vanquished

Notes
Turn   | Place    | Note
-------+----------+-------------------------------------------
     0 | D:1      | groll the Minotaur Berserker began the quest for the Orb.
     0 | D:1      | Reached XP level 1. HP: 19/19 MP: 0/0
    47 | D:1      | Found Peum's Book Shoppe.
   179 | D:1      | Reached XP level 2. HP: 20/27 MP: 1/1
   255 | D:1      | Found a faded altar of an unknown god.
   923 | D:2      | Reached XP level 3. HP: 33/33 MP: 2/2
  1210 | D:2      | Identified the +8 mace of Junlitt {freeze, rF+}
  1255 | D:2      | Reached ** piety under Trog
  1867 | D:3      | Noticed Grinder
  1881 | D:3      | Killed Grinder
  1882 | D:3      | Reached skill level 5 in Fighting
  1882 | D:3      | Reached skill level 5 in Axes
  1882 | D:3      | Reached XP level 4. HP: 42/42 MP: 3/3
  1882 | D:3      | Reached XP level 5. HP: 48/48 MP: 4/4
  1917 | D:3      | Reached XP level 6. HP: 45/56 MP: 5/5
  2012 | D:3      | Noticed Ijyb
  2024 | D:3      | Killed Ijyb
  3001 | D:4      | Noticed an ice beast
  3009 | D:4      | Killed an ice beast
  3010 | D:4      | Reached skill level 5 in Armour
  3010 | D:4      | Reached XP level 7. HP: 62/62 MP: 6/6
  3364 | D:5      | Entered Level 5 of the Dungeon
  3556 | D:5      | Reached *** piety under Trog
  3557 | D:5      | Reached skill level 5 in Dodging
  3740 | D:5      | Found a staircase to the Ecumenical Temple.
  3967 | D:5      | Reached XP level 8. HP: 71/71 MP: 7/7
  4041 | D:5      | Identified the ring "Izyaq" {rElec Dex+3 SInv Stlth+}
  4155 | D:6      | Noticed Sigmund
  4163 | D:6      | Killed Sigmund
  4292 | D:6      | Found a glowing drain.
  4302 | Sewer    | Entered a sewer
  4461 | Sewer    | Found a viscous altar of Jiyva.
  4714 | D:6      | Reached XP level 9. HP: 55/81 MP: 8/8
  4719 | D:6      | Found a sacrificial altar of Ru.
  4719 | D:6      | Found a shimmering blue altar of Sif Muna.
  4797 | D:6      | Found a stormy altar of Qazlal.
  4806 | D:6      | Reached **** piety under Trog
  4984 | D:7      | Noticed a boulder beetle
  4998 | D:7      | Killed a boulder beetle
  5127 | D:7      | Noticed a gargoyle
  5144 | D:7      | Killed a gargoyle
  5414 | D:8      | Noticed Pikel
  5431 | D:8      | Killed Pikel
  5432 | D:8      | Reached XP level 10. HP: 91/91 MP: 9/9
  5793 | D:8      | Noticed Psyche
  5803 | D:8      | Killed Psyche
  5979 | D:9      | Noticed a two-headed ogre
  5984 | D:9      | Killed a two-headed ogre
  5985 | D:9      | Reached skill level 10 in Fighting
  5985 | D:9      | Reached skill level 10 in Axes
  6068 | D:9      | Reached skill level 10 in Armour
  6186 | D:9      | Found a flagged portal.
  6186 | D:9      | Noticed Joseph
  6194 | D:9      | Killed Joseph
  6203 | D:9      | Reached XP level 11. HP: 57/101 MP: 10/10
  6231 | Bailey   | Entered a bailey
  6451 | Bailey   | Noticed a two-headed ogre
  6467 | Bailey   | Killed a two-headed ogre
  6468 | Bailey   | Reached skill level 10 in Dodging
  6946 | D:10     | Entered Level 10 of the Dungeon
  6971 | D:10     | Found an iron altar of Okawaru.
  7006 | D:10     | Found a staircase to the Orcish Mines.
  7088 | D:10     | Found a staircase to the Lair.
  7165 | D:10     | Found an ornate altar of the Wu Jian Council.
  7273 | D:10     | Reached ***** piety under Trog
  7291 | D:10     | Noticed Grum
  7301 | D:10     | Killed Grum
  7388 | D:10     | Found a sparkling altar of Nemelex Xobeh.
  7532 | D:10     | Noticed a death yak
  7538 | D:10     | Noticed a death yak
  7540 | D:10     | Killed a death yak
  7552 | D:10     | Killed a death yak
  7554 | D:10     | Noticed a death yak
  7563 | D:10     | Killed a death yak
  7884 | D:11     | HP: 1/104 [freezing wraith[a death knight] (14)]
  8145 | D:11     | Reached XP level 12. HP: 51/112 MP: 11/11
  8267 | D:11     | Noticed a death knight
  8276 | D:11     | Killed a death knight
  8392 | D:11     | Noticed a two-headed ogre
  8399 | D:11     | Killed a two-headed ogre
  8496 | D:11     | Noticed a boulder beetle
  8505 | D:11     | Killed a boulder beetle
  8552 | D:11     | Found a gateway to a bazaar.
  8569 | Bazaar   | Entered a bazaar
  8569 | Bazaar   | Found Reiqaf's Book Emporium.
  8577 | Bazaar   | Found Giga's Assorted Antiques.
  8603 | Bazaar   | Found Jexkixyam's General Store.
  8611 | Bazaar   | Bought a potion of curing for 27 gold pieces
  8612 | Bazaar   | Found Cyupt's Antique Armour Shoppe.
  8657 | Bazaar   | Bought a scroll of teleportation for 75 gold pieces
  8657 | Bazaar   | Bought a scroll labelled MUAREI NUNEV for 25 gold pieces
  8657 | Bazaar   | Bought 2 black potions for 45 gold pieces
  8657 | Bazaar   | Bought a scroll labelled MUAREI NUNEV for 25 gold pieces
  8986 | Lair:1   | Entered Level 1 of the Lair of Beasts
  9101 | Lair:1   | Identified the +7 shortbow "Fiytuet" {flame, rF- Str+2
                  | Dex+6}
  9297 | Lair:1   | Found a radiant altar of Vehumet.
  9847 | Lair:2   | Found a dark tunnel.
  9892 | Volcano  | Entered a volcano
 10290 | Volcano  | Found a radiant altar of Vehumet.
 10956 | Lair:2   | Found a hole to the Spider Nest.
 10968 | Lair:2   | Reached XP level 13. HP: 82/123 MP: 12/12
 11306 | Lair:3   | Found a frozen archway.
 11315 | IceCv    | Entered an ice cave
 11697 | IceCv    | Noticed a reaper
 11717 | IceCv    | Killed a reaper
 12489 | Lair:3   | Found a staircase to the Swamp.
 13167 | Lair:4   | Received a gift from Trog
 13362 | Lair:4   | Reached skill level 15 in Axes
 13365 | Lair:4   | Reached skill level 15 in Fighting
 13368 | Lair:4   | Reached XP level 14. HP: 89/135 MP: 13/13
 13762 | Lair:5   | Entered Level 5 of the Lair of Beasts
 13950 | Lair:5   | Reached skill level 15 in Armour
 14213 | Lair:5   | Identified the +1 ring mail "Iwkuzoank" {+Inv Regen+ SInv}
 15241 | Lair:5   | Found a viscous altar of Jiyva.
 15258 | Lair:5   | Found a staircase to the Slime Pits.
 15653 | Lair:5   | Received a gift from Trog
 16125 | D:12     | Noticed Maurice
 16132 | D:12     | Killed Maurice
 16419 | D:13     | Reached skill level 15 in Dodging
 16444 | D:13     | Identified the +9 hand axe of Mourning {chaos, Fragile Fly
                  | Str+3}
 16570 | D:13     | Found a portal to a secret trove of treasure.
 16644 | D:13     | Reached XP level 15. HP: 144/145 MP: 14/14
 17499 | D:14     | Found a gate to the Vaults.
 17720 | D:15     | Entered Level 15 of the Dungeon
 18057 | D:15     | Found a transporter.
 18070 | D:15     | Found a transporter.
 18071 | D:15     | Found a transporter.
 18719 | D:15     | Found a transporter.
 19141 | D:15     | Found a staircase to the Depths.
 19359 | Orc:1    | Entered Level 1 of the Orcish Mines
 19526 | Orc:2    | Entered Level 2 of the Orcish Mines
 19699 | Orc:2    | Found a staircase to the Elven Halls.
 20059 | Orc:2    | Found Fuceatont's General Store.
 20068 | Orc:2    | Found Tuiruedgh's General Store.
 20661 | Orc:2    | Found Pigroxusch's Jewellery Emporium.
 20661 | Orc:2    | Found Jeos's Antique Armour Shoppe.
 20663 | Orc:2    | Found a one-way gate leading to the halls of Pandemonium.
 20668 | Orc:2    | Reached XP level 16. HP: 138/156 MP: 15/15
 20722 | Orc:2    | Bought a scroll of identify for 30 gold pieces
 20724 | Orc:2    | Bought a scroll of teleportation for 39 gold pieces
 20724 | Orc:2    | Bought 3 scrolls of identify for 78 gold pieces
 20725 | Orc:2    | Identified a scroll of acquirement
 20731 | Orc:2    | Acquired the +1 pair of boots "Xaekhlee" {Str+4}
 20772 | Orc:2    | Bought the ring "Fuwuf" {Fire *Corrode rN+++ MP-9 Dex+2}
                  | for 425 gold pieces
 20925 | Spider:1 | Entered Level 1 of the Spider Nest
 21426 | Spider:1 | Noticed Frances
 21434 | Spider:1 | Killed Frances
 22156 | Spider:2 | Noticed Agnes
 22161 | Spider:2 | Killed Agnes
 23680 | Spider:4 | Entered Level 4 of the Spider Nest
 23872 | Spider:4 | Reached XP level 17. HP: 148/166 MP: 7/16
 23938 | Spider:4 | Received a gift from Trog
 24119 | Spider:4 | Acquired the +0 hat of Theory {rC+ SInv}
 24931 | Spider:4 | Got a gossamer rune of Zot
 25076 | Swamp:1  | Entered Level 1 of the Swamp
 25134 | Swamp:1  | Noticed Mlioglotl
 25141 | Swamp:1  | Killed Mlioglotl
 25246 | Swamp:1  | Noticed Jorgrun
 25268 | Swamp:1  | Killed Jorgrun
 25497 | Swamp:1  | Noticed Aizul
 25510 | Swamp:1  | Killed Aizul
 26048 | Swamp:2  | Received a gift from Trog
 27161 | Swamp:4  | Entered Level 4 of the Swamp
 27388 | Swamp:4  | Reached XP level 18. HP: 72/178 MP: 17/17
 28195 | Swamp:4  | Got a decaying rune of Zot
 28443 | D:13     | You paid a toll of +5 ice dragon scales to enter a treasure
                  | trove
 28444 | Trove    | Entered a treasure trove
 28494 | Trove    | Identified the -2 pair of boots of Eternal Vigilance {rPois
                  | rC+ Will+}
 28496 | Trove    | Identified the +2 hat "Zucimes" {rN+ rCorr}
 28497 | Trove    | Identified the +1 pair of gloves "Gaettaru" {Will+ Str+2}
 28534 | Trove    | Identified the amulet "Ciarrady" {Faith rCorr Str+2}
 28536 | Trove    | Identified the ring "Firud" {rElec rCorr MP+9 Stlth+}
 28633 | Vaults:1 | Entered Level 1 of the Vaults
 29053 | Vaults:1 | Received a gift from Trog
 29383 | Vaults:1 | Found Ocryo's Distillery.
 29400 | Vaults:1 | Bought a potion of curing for 57 gold pieces
 29400 | Vaults:1 | Bought a potion of curing for 57 gold pieces
 29400 | Vaults:1 | Bought 2 potions of haste for 380 gold pieces
 29400 | Vaults:1 | Bought a potion of degeneration for 19 gold pieces
 29657 | Vaults:1 | Found Ylyik's Armour Shop.
 29697 | Vaults:1 | Bought the +2 cloak "Peugay" {Fly Regen+ Str-2 SInv} for
                  | 448 gold pieces
 30160 | Vaults:2 | Found a magical portal.
 30169 | WizLab   | Entered Wucad Mu's Monastery
 31893 | Vaults:3 | Reached XP level 19. HP: 189/189 MP: 18/18
 32275 | Vaults:3 | Found Bockoz's General Store.
 32454 | Vaults:3 | Bought a potion of flight for 39 gold pieces
 32454 | Vaults:3 | Bought a potion of heal wounds for 65 gold pieces
 32666 | Vaults:3 | Received a gift from Trog
 32985 | Vaults:3 | Found a staircase to the Crypt.
 33548 | Vaults:4 | Paralysed by a great orb of eyes for 2 turns
 34061 | Vaults:4 | Received a gift from Trog
 34396 | Vaults:4 | Identified the amulet "Rihoomn" {RegenMP Harm rC+}
 34999 | Depths:1 | Entered Level 1 of the Depths
 35017 | Depths:1 | Reached XP level 20. HP: 172/200 MP: 19/19
 35063 | Depths:1 | Noticed Asterion
 35074 | Depths:1 | Killed Asterion
 35260 | Depths:1 | Found a shimmering altar of Xom.
 35265 | Depths:1 | Identified the +3 scale mail of Iric Epuq {+Inv Int-2
                  | Dex+3}
 35332 | Depths:1 | Received a gift from Trog
 35704 | Depths:1 | Found a gateway to Hell.
 35763 | Depths:1 | You fall into a shaft and drop 1 floor!
 37348 | Depths:2 | Found Xunuicle's Jewellery Boutique.
 37457 | Depths:2 | HP: 9/202 [fire giant/+1 great sword of flaming (3)]
 37771 | Depths:2 | Noticed a golden dragon
 37782 | Depths:2 | Killed a golden dragon
 37923 | Depths:2 | Identified the staff of fire "Wothryaty" {rF+ Int+2}
 38545 | Depths:3 | Found a one-way gateway to a ziggurat.
 38695 | Depths:3 | Reached XP level 21. HP: 193/211 MP: 20/20
 38826 | Depths:3 | Found an iron altar of Okawaru.
 39444 | Depths:3 | Found a one-way gate to the infinite horrors of the Abyss.
 39486 | Depths:3 | Noticed an ancient lich
 39486 | Depths:3 | Found the dreamshard necklace {*Dream Drain}
 39497 | Depths:3 | Killed an ancient lich
 39774 | Depths:3 | Identified the +9 falchion of the Shrinking Madman {freeze,
                  | +Blink rF+ MP-9}
 39833 | Depths:3 | Noticed a juggernaut
 39843 | Depths:3 | Killed a juggernaut
 39986 | Depths:4 | Entered Level 4 of the Depths
 40054 | Depths:4 | Noticed a juggernaut
 40069 | Depths:4 | Killed a juggernaut
 40223 | Depths:4 | Found a hide-covered altar of Uskayaw.
 40524 | Depths:4 | Noticed a juggernaut
 40535 | Depths:4 | Killed a juggernaut
 40885 | Depths:4 | Noticed a golden dragon
 40898 | Depths:4 | Killed a golden dragon
 40972 | Depths:4 | Found a gate to the Realm of Zot.
 41293 | Vaults:5 | Entered Level 5 of the Vaults
 41331 | Vaults:5 | HP: 3/214 [spore (42)]
 41336 | Vaults:5 | Noticed Margery
 41337 | Vaults:5 | Identified the +8 scimitar of the People {heavy, *Corrode
                  | rN+ Str+4 Dex+3}
 41341 | Vaults:5 | Identified the ring of Vaixu {rF+ Slay+5}
 41346 | Vaults:5 | Killed Margery
 41360 | Vaults:5 | Reached XP level 22. HP: 77/222 MP: 21/21
 41392 | Vaults:5 | Noticed a dread lich
 41404 | Vaults:5 | Killed a dread lich
 41451 | Vaults:5 | Identified the +5 spear "Ruyklob" {heavy, Drain rF+ Will-
                  | Dex+4}
 41619 | Vaults:5 | Identified the +1 leather armour of Kolanar {Rampage rN+
                  | Will+}
 41629 | Vaults:5 | Found the +9 sword of Zonguldrok {reap}
 41688 | Vaults:5 | Identified the +8 scimitar of the Blushing Lamprey {vamp,
                  | rElec rPois rF- Str-4 Dex+4}
 42235 | Vaults:5 | Identified the +4 shortbow "Ekhliamor" {flame, SInv}
 42321 | Vaults:5 | Noticed Jory
 42341 | Vaults:5 | Killed Jory
 42709 | Vaults:5 | Identified the +0 leather armour "Leonapt" {-Cast +Blink
                  | rN++ Will+}
 42714 | Vaults:5 | Got a silver rune of Zot
 42729 | Vaults:5 | Identified the staff of conjuration "Xesale" {rF+ Int+3}
 43013 | Zot:1    | Entered Level 1 of the Realm of Zot
 43282 | Zig:1    | Entered Level 1 of a ziggurat
 43306 | Zig:2    | Entered Level 2 of a ziggurat
 43309 | Zig:2    | Noticed a caustic shrike
 43316 | Zig:2    | Killed a caustic shrike
 43336 | Zig:3    | Entered Level 3 of a ziggurat
 43339 | Zig:3    | Noticed a Killer Klown
 43353 | Zig:3    | Killed a Killer Klown
 43367 | Zig:3    | Identified the ring of Gona {rPois rCorr Str+6 Int+4}
 43454 | Zig:4    | Entered Level 4 of a ziggurat
 43500 | Zig:5    | Entered Level 5 of a ziggurat
 43504 | Zig:5    | Noticed Siutint the pandemonium lord
 43512 | Zig:5    | Received a gift from Trog
 43524 | Abyss:3  | Cast into level 3 of the Abyss (Siutint)
 43817 | Abyss:3  | Found a corrupted altar of Lugonu.
 43863 | Abyss:3  | Found a corrupted altar of Lugonu.
 44049 | Zig:5    | Escaped the Abyss
 44054 | Zig:5    | Killed Siutint the pandemonium lord
 44078 | Zig:5    | Identified the +4 glaive of Okawaru's Whim {freeze, Dex+4}
 44163 | Zig:6    | Entered Level 6 of a ziggurat
 44209 | Zig:6    | Reached XP level 23. HP: 130/234 MP: 22/22
 44401 | Zig:7    | Entered Level 7 of a ziggurat
 44411 | Zig:7    | Noticed a Killer Klown
 44440 | Zig:7    | Killed a Killer Klown
 44451 | Zig:7    | Identified the staff of death "Dile" {rPois rN+ SInv}
 44452 | Zig:7    | Identified the staff of poison "Pamil" {rPois Str+5}
 44860 | Zot:1    | Identified the +2 cloak of Greed {Contam Will- Str+2 Dex+6}
 44861 | Zot:1    | Noticed runemage's ghost (legendary GnFi)
 44861 | Zot:1    | Identified the +2 cloak "Pokhuw" {Str-2 Int+4 Stlth+}
 44872 | Zot:1    | Found a bloodstained altar of Trog.
 44879 | Zot:1    | Found a transporter.
 45271 | Zot:1    | Found a transporter.
 45776 | Zot:1    | Found the +4 dragonskin cloak
 45776 | Zot:1    | Noticed Tiamat
 45856 | Zot:1    | Killed Tiamat
 47796 | Zot:2    | Noticed a curse toe
 47808 | Zot:2    | Killed a curse toe
 48366 | Zot:2    | Reached XP level 24. HP: 225/243 MP: 22/22
 49973 | Zot:4    | Found a transporter.
 49974 | Zot:4    | Noticed darkwiz's ghost (veteran DsCK)
 49978 | Zot:4    | Found a transporter.
 50280 | Zot:4    | Received a gift from Trog
 50855 | Zot:4    | Identified the +9 sling "Cyithu" {freeze, +Blink}
 51099 | Zot:4    | Noticed a Killer Klown
 51116 | Zot:4    | Killed a Killer Klown
 51146 | Zot:4    | Paralysed by you for 2 turns
 51160 | Zot:4    | Paralysed by you for 3 turns
 51288 | Zot:4    | Identified the +6 rapier of the Spider {heavy, rN+ Int+4}
 51289 | Zot:4    | Identified the +10 shortbow "Motzem" {freeze, Stlth+}
 51449 | Zot:4    | Killed darkwiz's ghost
 51458 | Zot:4    | Identified the +4 scale mail of Fortification {rF- rCorr
                  | Slay-5 SInv}
 51712 | Zot:5    | Entered Level 5 of the Realm of Zot
 51725 | Zot:5    | Noticed a Killer Klown
 51830 | Zot:5    | Killed a Killer Klown
 51978 | Zot:5    | Reached skill level 27 in Axes
 51978 | Zot:5    | Noticed an orb of fire
 51984 | Zot:5    | Gained mutation: You are dopey. (Int -2) [an orb of fire]
 51995 | Zot:5    | Killed an orb of fire
 52098 | Zot:5    | Reached skill level 27 in Fighting
 52146 | Zot:4    | Reached skill level 1 in Throwing
 52148 | Zot:4    | Reached skill level 27 in Armour
 52171 | Zot:4    | Received a gift from Trog
 53097 | Zot:4    | Reached XP level 25. HP: 225/257 MP: 13/22
 53111 | Zot:5    | Noticed a dread lich
 53281 | Zot:5    | Noticed a Killer Klown
 53281 | Zot:5    | Noticed a Killer Klown
 53291 | Zot:4    | Killed a dread lich
 53292 | Zot:4    | Reached skill level 5 in Throwing
 53295 | Zot:5    | Noticed an orb of fire
 53308 | Zot:4    | Gained mutation: You do not regenerate when monsters are
                  | visible. [an orb of fire]
 53309 | Zot:4    | Killed an orb of fire
 53431 | Zot:4    | Killed a Killer Klown
 53449 | Zot:5    | Killed a Killer Klown
 53451 | Zot:5    | Noticed a Killer Klown
 53466 | Zot:4    | Killed a Killer Klown
 53670 | Zot:5    | Noticed a dread lich
 53857 | Zot:4    | Killed a dread lich
 54024 | Zot:5    | Noticed a Killer Klown
 54025 | Zot:5    | Noticed a Killer Klown
 54034 | Zot:4    | Killed a Killer Klown
 54171 | Zot:5    | Noticed an orb of fire
 54172 | Zot:5    | Noticed a Killer Klown
 54241 | Zot:4    | Killed a Killer Klown
 54338 | Zot:5    | Noticed a Killer Klown
 54338 | Zot:5    | Gained mutation: Armour fits poorly on your strangely
                  | shaped body. [an orb of fire]
 54339 | Zot:5    | Noticed an ancient lich
 54347 | Zot:4    | Killed a Killer Klown
 54436 | Zot:5    | Killed a Killer Klown
 54470 | Zot:5    | Gained mutation: You occasionally lose the ability to read
                  | scrolls when taking damage. [an orb of fire]
 54471 | Zot:5    | Killed an orb of fire
 54740 | Zot:5    | Noticed a Killer Klown
 55204 | Zot:5    | Killed a Killer Klown
 55290 | Zot:5    | Killed an ancient lich
 55920 | Zot:5    | Got the Orb of Zot
 56203 | Depths:1 | Noticed Ninweo Kago the pandemonium lord
 56510 | D:$      | Escaped with the Orb!

Illustrated notes

Levels and vault maps discovered:
D:1:      lemuel_arrival_cross, layout_basic,
          dreamdust_ecumenical_altar_angels_and_demons, serial_shops, shop,
          minmay_pentomino_q4
D:2:      layout_loops_corners, minmay_misc_feat_chi
D:3:      layout_basic, chequers_serial_rivers_micro_e,
          kennysheep_decorative_pillar, minmay_goblin_outpost, uniq_grinder,
          uniq_ijyb
D:4:      layout_gridville
D:5:      minmay_razor_zed, layout_cave_pools, minmay_temple_entry_antechambers
D:6:      layout_rooms, gammafunk_temple_overflow_wave, grunt_qazlal_clouds,
          gup_sewer_entry_bubbles, uniq_sigmund
D:7:      layout_cave_pools
D:8:      layout_cave_pools, kennysheep_crisscross, chequers_big_river,
          uniq_psyche, uniq_pikel
D:9:      layout_cave_pods, enter_bailey_5, uniq_joseph
D:10:     layout_long_grid, mainiacjoe_overflow_24_doors,
          mainiacjoe_overflow_brackets, mainiacjoe_overflow_paths,
          dpeg_lair_monsters, hiddenorc2_lemuel, uniq_grum
D:11:     layout_small_grid, serial_shops, bzr_entry_islet
D:12:     layout_rooms, uniq_maurice
D:13:     kennysheep_demon_hangout, layout_rooms,
          nicolae_trove_entry_free_sample, minmay_statue_bubble
D:14:     layout_layer_cave, david_vaults_1, minmay_misc_feat_diagonals
D:15:     gammafunk_enter_depths_forms, layout_grid_maze,
          chequers_serial_rivers_large_a, nicolae_diode_intersection
Lair:1:   layout_cave_pods, basic_altar
Lair:2:   layout_cave_shapes, nicolae_spider_entry_lesser_pyramids,
          nicolae_volcano_entry_hallway, st_stairs_10
Lair:3:   layout_regular_city, nicolae_swamp_entry_spooky, portal_ice_cave_rime,
          st_stairs_3, grunt_megastairs_5
Lair:4:   layout_cave_pods, serial_bayou_pond_c, roderic_carrion_pond,
          serial_bayou_shore_a
Lair:5:   hangedman_lair_tendril_chambers, layout_layer_cave,
          minmay_slime_entry_oklob_enclosed
Swamp:1:  layout_basic_swamp, evilmike_swamp_ruin_house_5,
          statue_in_the_mist_lemuel, uniq_aizul, uniq_jorgrun, uniq_mlioglotl
Swamp:2:  layout_falls_marsh, evilmike_swamp_ruin_house_4
Swamp:3:  layout_falls_marsh, evilmike_swamp_ruin_house_3
Swamp:4:  swamp_icy, layout_basic_swamp, swamp_pool3
Spider:1: layout_spider_delve, drop_trap, nicolae_spider_webbed_stairs,
          uniq_frances
Spider:2: layout_spider_delve, nicolae_spider_nook,
          hangedman_spider_tarantella_strand, uniq_agnes
Spider:3: layout_chambers
Spider:4: hellmonk_spider_rune_bug_friends
Orc:1:    layout_caves
Orc:2:    pf_orc_diabolical, layout_diamond_mine
Vaults:1: v_misc_22, nicolae_vaults_angled_halls, vaults_mumra_hexcomb,
          hangedman_vaults_corner, v_misc_24,
          nicolae_vaults_loss_of_containment, hangedman_vaults_maws,
          vaults_room_semicircle, nicolae_vaults_house_2,
          nicolae_vaults_cochlea, nicolae_vaults_tetromino_L_2, v_misc_9,
          hangedman_vaults_trim, nicolae_vaults_variable_pillar_hall,
          layout_vaults_omnibox, serial_shops, shop, shop
Vaults:2: mu_enter_wizlab_5, hangedman_vaults_cutoff, grunt_vaults_trifunnel,
          nicolae_vaults_trapezoid_3, nicolae_vaults_border_crossing, v_misc_26,
          hangedman_vaults_maws, vaults_mumra_lcd, st_octagons_2, v_misc_33,
          nicolae_vaults_apartment_2, vaults_dpeg_diagonal,
          nicolae_vaults_house_2, nicolae_vaults_little_squares_2,
          nicolae_vaults_specimen_jars, layout_vaults_big_cross
Vaults:3: nicolae_vaults_display_case, hangedman_vaults_corner_blocks,
          nicolae_vaults_windows_and_doors_thing,
          nicolae_vaults_more_shelving_1, v_misc_23, v_rooms_5, v_pattern_2,
          vaults_standard_mumra_lines, nicolae_vaults_triangles,
          vaults_dpeg_ring, nicolae_vaults_tetromino_L_2,
          blue_anna_dwarven_crypt, nicolae_vaults_storage_room_statues,
          layout_vaults_chaotic_city, serial_shops,
          nicolae_shop_tiny_statue_garden
Vaults:4: vaults_room_large_hall, nicolae_vaults_variable_pillar_hall,
          nicolae_vaults_doubleplus_tesselated, nicolae_vaults_layer_cake_slice,
          hangedman_vaults_cutoff, nicolae_vaults_cornered_office,
          grunt_vaults_twisty, vaults_room_fours, hangedman_vaults_pinch,
          nicolae_vaults_layer_cake_slice, vaults_room_ringed_pool,
          serial_ice_g, nicolae_vaults_mush_room, grunt_vaults_hallway_short,
          layout_vaults_maze_bifur
Vaults:5: uniq_jory, uniq_margery
Depths:1: layout_long_grid, pf_vacation_house_of_asmodeus,
          minmay_misc_feat_five, tgw_xom, uniq_asterion
Depths:2: cheibrodos_spurs, layout_cave_shapes, hell_entry,
          rand_demon_pan_entry_4, serial_column_ruins, column_ruins_hut,
          column_ruins_grid_1, column_ruins_grid_1,
          column_ruins_corridor_dead_end, column_ruins_columns_straight,
          column_ruins_corridor_corner, column_ruins_open_small,
          column_ruins_open_small, serial_shops, nicolae_diamond_shop,
          kennysheep_kite_vault
Depths:3: minmay_shrinking_squares, layout_gridlike, enter_ziggurat_d,
          nicolae_hell_entry_hellmouth_sunbeams, abyss_entry, okawaru_trees_2
Depths:4: grunt_zot_entry_bicorn, layout_long_grid, solitary_fountain,
          hell_entry, pan_entry, dancing_weapons_uskayaw
Zot:1:    layout_concentric_octagons, gammafunk_ghost_wrathful_warriors,
          uniq_tiamat
Zot:2:    lemuel_acid_trip, layout_onion, zot_minivault_3
Zot:3:    layout_cathedral_of_symmetry, grunt_ministairs_15, grunt_megastairs_4
Zot:4:    gammafunk_mikee_crab_dinner, layout_gridlike, gammafunk_ghost_arena,
          lemuel_baited_zot_trap, grunt_ministairs_3,
          hangedman_zot_decor_scrapings
Zot:5:    layout_gridville, grunt_ministairs_13, st_stairs_8

Skill      XL: |  1  2  3  4  5  6  7  8  9 10 11 12 13 14 15 16 17 18 19 20 21 22 23 24 25 |
---------------+----------------------------------------------------------------------------+-----
Axes           | 4 5 6 7 9 10 12 13 15 16 17 18 20 21 22 23 24 25 26 27 | 27.0
Fighting       | 4 5 6 7 9 10 12 13 15 16 17 18 19 21 22 23 24 25 26 27 | 27.0
Armour         | 3 4 5 7 8 10 12 13 14 16 17 18 19 20 22 23 24 25 26 27 | 27.0
Dodging        | 3 4 5 6 8 9 11 12 13 15 16 17 18 19 20 21 22 23 24 25 26 | 26.6
Throwing       | 4 9 |  9.9

Action                     |  1- 3 |  4- 6 |  7- 9 | 10-12 | 13-15 | 16-18 | 19-21 | 22-24 | 25-27 || total
---------------------------+-------+-------+-------+-------+-------+-------+-------+-------+-------++-------
  Melee: Hand axe          |    84 |    88 |   268 |     1 |       |       |       |       |       ||   441
         Headbutt          |    10 |    15 |    47 |   114 |   291 |   245 |   299 |   385 |    70 ||  1476
         Punch             |     1 |     3 |     1 |       |       |       |       |       |       ||     5
         Battleaxe         |       |       |       |   506 |   608 |       |     6 |       |       ||  1120
         Executioner's axe |       |       |       |       |   445 |   989 |  1042 |  1300 |   243 ||  4019
  Throw: Dart              |       |     2 |       |       |       |       |       |       |       ||     2
         Javelin           |       |       |     9 |       |     3 |     1 |       |    20 |       ||    33
 Invoke: Trog's Hand       |     1 |       |     4 |    15 |    34 |    23 |    36 |    26 |     3 ||   142
         Berserk           |       |     1 |     6 |     9 |     5 |     6 |     6 |     5 |     2 ||    40
         Brothers in Arms  |       |       |       |     1 |     7 |     6 |    12 |    12 |       ||    38
  Evoke: Wand              |       |       |       |       |       |       |     3 |       |       ||     3
    Use: Scroll            |       |       |     6 |     9 |     4 |    27 |     5 |    24 |     2 ||    77
         Potion            |       |       |       |       |     1 |     1 |     7 |    16 |     2 ||    27
   Stab: Sleeping          |       |       |     1 |       |       |       |       |       |       ||     1
         Distracted        |       |       |       |       |     1 |     2 |     2 |     2 |       ||     7
         Petrifying        |       |       |       |       |       |       |       |     2 |       ||     2
         Petrified         |       |       |       |       |       |       |       |     1 |       ||     1
         Paralysed         |       |       |       |       |       |       |       |     1 |       ||     1
         Confused          |       |       |       |       |       |       |       |       |     1 ||     1
 Armour: Animal skin       |     8 |       |       |       |       |       |       |       |       ||     8
         Scale mail        |     3 |       |       |       |       |       |       |       |       ||     3
         Ring mail         |     9 |    36 |    48 |       |       |       |       |       |       ||    93
         Chain mail        |       |       |    27 |    12 |       |       |       |       |       ||    39
         Plate armour      |       |       |       |   222 |    37 |       |    54 |   212 |   104 ||   629
         Crystal plate arm |       |       |       |       |   587 |   811 |   450 |   548 |       ||  2396
  Dodge: Dodged            |    51 |    82 |   150 |   393 |   565 |   741 |   564 |   929 |   205 ||  3680
  Block: Other             |       |       |       |       |    33 |   262 |   170 |   214 |    43 ||   722
         Reflection        |       |       |       |       |       |     9 |     4 |     3 |     2 ||    18
